 Dungeon Crawl Stone Soup version 0.30-a0-743-gbfdf073431 (webtiles) character file.

Game seed: 9930785817769611319

2270 Rrauwl the Frost Mage (level 9, -9/45 HPs)
             Began as a Deep Elf Ice Elementalist on Feb 5, 2023.
             Was a Believer of Zin.
             Shot with a bolt by an orc warrior (27 damage)
             ... on level 7 of the Dungeon.
             The game lasted 00:32:06 (5079 turns).

Rrauwl the Frost Mage (Deep Elf Ice Elementalist)   Turns: 5079, Time: 00:32:06

Health: -9/45      AC:  9    Str:  7    XL:     9   Next: 16%
Magic:  13/15      EV: 15    Int: 23    God:    Zin [**....]
Gold:   300        SH:  0    Dex: 15    Spells: 7/14 levels left

rFire   + . .      SeeInvis .    a - staff of cold
rCold   + . .      Faith    .    (no shield)
rNeg    . . .      Spirit   .    q - +2 leather armour {rF+}
rPois   .          Reflect  .    s - +0 helmet
rElec   .          Harm     .    v - +1 cloak {Stlth+}
rCorr   .          Rampage  .    (no gloves)
Will    +....                    n - +0 pair of boots
Stlth   +++                      (no amulet)
HPRegen 0.27/turn                m - ring of willpower
MPRegen 0.14/turn                (no ring)

@: on recite cooldown, invisible
A: no striking features
a: Renounce Religion, Recite, Vitalisation, Donate Gold


You were on level 7 of the Dungeon.
You worshipped Zin.
Zin was pleased with you.
You visited 2 branches of the dungeon, and saw 8 of its levels.

You collected 363 gold pieces.
You spent 30 gold pieces at shops.
You donated 33 gold pieces to Zin.

Inventory:

Hand Weapons
 b - a +2 dagger of venom
Armour
 e - an orb of energy
 n - a +0 pair of boots (worn)
 q - a +2 leather armour of fire resistance (worn)
 s - a +0 helmet (worn)
 v - a +1 cloak of stealth (worn)
Magical Staves
 a - a staff of cold (weapon)
Jewellery
 h - an amulet of guardian spirit
 k - a ring of fire
 m - a ring of willpower (left hand)
 r - a ring of fire
Wands
 f - a wand of iceblast (13)
Scrolls
 g - 3 scrolls of identify
 j - a scroll of blinking
 l - a scroll of immolation
 u - a scroll of summoning
 x - a scroll of torment {unknown}
 y - a scroll of teleportation
Potions
 c - 2 potions of curing
 d - a potion of magic
 i - 3 potions of lignification
 o - 3 potions of flight
 p - a potion of haste
 t - a potion of ambrosia


   Skills:
 + Level 6.2 Staves
 + Level 8.0 Dodging
 - Level 3.0 Stealth
 - Level 3.0 Spellcasting
 - Level 1.0 Summonings
 + Level 9.8 Ice Magic
 + Level 0.3 Invocations


You had 7 spell levels left.
You knew the following spells:

 Your Spells              Type           Power      Damage    Failure   Level
b - Frozen Ramparts       Ice            100%       1d16      1%          3
c - Summon Ice Beast      Ice/Summ       42%        N/A       19%         4

Your spell library contained the following spells:

 Spells                   Type           Power      Damage    Failure   Level
 Freeze                   Ice            100%       1d10      1%          1
 Ozocubu's Armour         Ice            65%        N/A       1%          3
 Kiss of Death            Conj/Necr      12%        2d6       17%         1
 Confusing Touch          Hex            3%         N/A       45%         3
 Metabolic Englaciation   Hex/Ice        19%        N/A       54%         5
 Dispel Undead            Necr           3%         3d7       86%         4
 Petrify                  Tmut/Erth      3%         N/A       86%         4
 Statue Form              Tmut/Erth      2%         N/A       100%        6


Dungeon Overview and Level Annotations

Branches:
Dungeon (7/15)             Temple (1/1) D:6

Altars:
Cheibriados
Fedhas
Gozag
Hepliaklqana
Makhleb
Nemelex Xobeh
Qazlal
Ru
Sif Muna
Wu Jian
Yredelemnul
Zin
The Shining One

Shops:
D:2 *


Message History

Okay, then.
Activating: Recite (10% risk of failure)
Press: ? - help, Dir - look around, f - activate Look: an orc priest, wielding a +0 club (severely wounded)
You clear your throat and prepare to recite. "Zin descended from on high in a silver chariot..."
The orc priest is blasted by the fury of Zin!
You kill the orc priest!
The wall freezes the orc wizard but does no damage.
The orc wizard points at you and mumbles some strange words.
The puff of flame hits you. You resist.
The wall freezes the orc.
The orc closely misses you.
You barely miss the orc wizard.
The orc wizard is almost dead.
The wall freezes the orc!
You kill the orc!
The wall freezes the orc wizard but does no damage.
The orc wizard casts a spell at you. The magic dart hits you.
The wall freezes the orc but does no damage.
The orc barely misses you.
You barely miss the orc wizard.
The orc wizard is almost dead. "...to purify the agents of filth for their..."
The wall freezes the orc!
You kill the orc!
The wall freezes the orc wizard.
You kill the orc wizard!
The wall freezes the orc warrior.
The orc warrior shoots a bolt.
The bolt barely misses you.
It was a potion of invisibility.
You fade into invisibility! "...uncleanliness, and thus judgement was rendered."
You finish reciting Ablutions 26:2.
The wall freezes the orc warrior.
A sky beast comes into view.
The frozen ramparts melt away.
The orc warrior shoots a bolt.
The bolt hits you!!
Ouch! That really hurt!
You die...

#.## ... .Y..
... #... ..
##..#.. ...#.
#. ..$ #
#...##.#.#
#....)@..#
#.#.#)).......
#.......##
).##.##.# ..o
.# # #.## ##
#. #.


You could see an orc warrior (unable to see you) and a sky beast (wandering,
unable to see you).

Vanquished Creatures
  Edmund (D:4)
  3 water moccasins
  An ice beast (D:6)
  A black bear (D:5)
  An orc warrior (D:5)
  A phantom (D:5)
  A bullfrog (D:6)
  3 scorpions
  A necrophage (D:5)
  4 wights (D:4)
  6 killer bees (D:5)
  A howler monkey (D:6)
  2 jellies (D:5)
  A hound (D:3)
  An orc priest (D:7)
  Crazy Yiuf (D:3)
  A gnoll bouda (D:5)
  2 orc wizards
  Robin (D:3)
  17 gnolls
  10 adders
  An ufetubus (D:4)
  3 worms
  3 dart slugs
  11 orcs
  4 endoplasms
  3 giant cockroaches
  17 goblins
  12 hobgoblins
  4 jackals
  4 quokkas
  3 ball pythons
  4 bats
  A frilled lizard (D:1)
  8 kobolds
  2 rats (D:2)
140 creatures vanquished.

Vanquished Creatures (collateral kills)
  A centaur (D:6)
  2 endoplasms (D:4)
3 creatures vanquished.

Grand Total: 143 creatures vanquished

Notes
Turn   | Place    | Note
-------+----------+-------------------------------------------
     0 | D:1      | Rrauwl the Deep Elf Ice Elementalist began the quest for
                  | the Orb.
     0 | D:1      | Reached XP level 1. HP: 10/10 MP: 6/6
    68 | D:1      | Found a faded altar of an unknown god.
   413 | D:1      | Reached XP level 2. HP: 13/15 MP: 8/8
   571 | D:2      | Found Xeamun's General Store.
   622 | D:2      | Bought a scroll of identify for 20 gold pieces
   622 | D:2      | Bought a potion of degeneration for 10 gold pieces
   687 | D:2      | Reached skill level 5 in Ice Magic
   771 | D:2      | Reached XP level 3. HP: 19/19 MP: 9/9
  1031 | D:2      | Learned a level 3 spell: Frozen Ramparts
  1263 | D:3      | Reached XP level 4. HP: 21/24 MP: 10/10
  1310 | D:3      | Noticed Robin
  1356 | D:3      | Reached skill level 6 in Ice Magic
  1473 | D:3      | Killed Robin
  1551 | D:3      | Reached XP level 5. HP: 28/28 MP: 11/11
  1614 | D:3      | Found a runed translucent door.
  1615 | D:3      | Noticed Crazy Yiuf
  1768 | D:3      | Identified a scroll of acquirement
  1768 | D:3      | Acquired a staff of cold
  2007 | D:3      | Killed Crazy Yiuf
  2060 | D:3      | Learned a level 4 spell: Summon Ice Beast
  2069 | D:4      | Reached skill level 1 in Staves
  2069 | D:4      | Reached skill level 7 in Ice Magic
  2197 | D:4      | Reached XP level 6. HP: 30/32 MP: 8/12
  2347 | D:4      | Noticed a water moccasin
  2362 | D:4      | Killed a water moccasin
  2443 | D:4      | Noticed Edmund
  2456 | D:4      | Killed Edmund
  2585 | D:4      | Reached XP level 7. HP: 27/36 MP: 10/13
  2767 | D:4      | Reached skill level 5 in Dodging
  2895 | D:4      | Reached skill level 8 in Ice Magic
  2950 | D:5      | Entered Level 5 of the Dungeon
  3106 | D:5      | Reached XP level 8. HP: 40/41 MP: 10/14
  3310 | D:5      | Reached skill level 5 in Staves
  3313 | D:5      | Reached skill level 9 in Ice Magic
  4052 | D:6      | Reached skill level 1 in Summonings
  4052 | D:6      | Reached XP level 9. HP: 43/45 MP: 12/15
  4405 | D:6      | Found a staircase to the Ecumenical Temple.
  4423 | Temple   | Entered the Ecumenical Temple
  4664 | Temple   | Became a worshipper of Zin the Law-Giver
  4664 | Temple   | Reached * piety under Zin
  4939 | D:6      | Reached ** piety under Zin
  5079 | D:7      | Shot with a bolt by an orc warrior

Illustrated notes

Levels and vault maps discovered:
D:1:      saegor_arrival_under_anarchy, layout_rooms,
          shapermc_ecumenical_altar_petra
D:2:      layout_rooms, serial_shops, nicolae_shop_trees
D:3:      layout_basic, uniq_crazy_yiuf_cottage, uniq_robin
D:4:      layout_rooms, uniq_edmund
D:5:      layout_gridville
D:6:      layout_basic, minmay_temple_entry_trees
D:7:      layout_loops_cross
Temple:   nicolae_temple_bog_church

Skill      XL: |  1  2  3  4  5  6  7  8  9 |
---------------+----------------------------+-----
Stealth        | 3 |  3.0
Dodging        | 3 4 5 7 8 |  8.0
Ice Magic      | 5 6 7 8 9 |  9.8
Staves         | 1 3 4 5 6 |  6.2
Summonings     | 1 |  1.0
Spellcasting   | |  3.0
Invocations    | |  0.3

Action                     |  1- 3 |  4- 6 |  7- 9 || total
---------------------------+-------+-------+-------++-------
  Melee: Dagger            |    78 |    55 |       ||   133
         Staff             |       |    54 |    94 ||   148
         Quarterstaff      |       |       |    22 ||    22
   Cast: Freeze            |    21 |       |       ||    21
         Frozen Ramparts   |     2 |    18 |    17 ||    37
         Summon Ice Beast  |       |       |     2 ||     2
 Invoke: Recite            |       |       |     1 ||     1
  Evoke: Wand              |       |     6 |     8 ||    14
    Use: Scroll            |       |    11 |     4 ||    15
         Potion            |       |       |     6 ||     6
   Stab: Sleeping          |     6 |     3 |     2 ||    11
 Armour: Robe              |     6 |       |       ||     6
         Leather armour    |     7 |    45 |    40 ||    92
  Dodge: Dodged            |    50 |    65 |    77 ||   192

Table legend: (Time is in decaauts)
 A = Elapsed time spent in this place.
 B = Non-inter-level travel time spent in this place.
 C = Inter-level travel time spent in this place.
 D = Time resting spent in this place.
 E = Time spent auto-exploring this place.
 F = Levels seen in this place.
 G = Mean time per level.
                   A        B        C        D        E       F      G
               +--------+--------+--------+--------+--------+-----+--------+
         Total |   5089 |   4900 |    189 |     18 |   3766 |   8 |  636.1 |
       Dungeon |   4830 |   4712 |    118 |     18 |   3590 |   7 |  690.0 |
        Temple |    258 |    188 |     70 |      0 |    175 |   1 |  258.0 |
               +--------+--------+--------+--------+--------+-----+--------+

Top non-repeatable levels by time:
     D:5: 1066 daAuts
     D:4: 897 daAuts
     D:3: 806 daAuts
     D:6: 793 daAuts
     D:2: 749 daAuts
     D:1: 505 daAuts
  Temple: 258 daAuts
     D:7: 11 daAuts
